[Event "*** Titled Tuesday Blitz"]
[Site "Chess.com"]
[Date "2020.04.14"]
[Round "1"]
[White "DanielRensch"]
[Black "Boudicca64"]
[Result "1-0"]
[WhiteElo "2534"]
[BlackElo "2072"]
[TimeControl "180+1"]
[EndTime "10:06:34 PDT"]
[Termination "DanielRensch won on time"]

1. e4 c5 2. Nf3 Nc6 3. d4 cxd4 4. Nxd4 g6 5. Nc3 Bg7 6. Be3 Nf6 7. Bc4 d6 8. f3 O-O 9. Bb3 a6 10. h4 Nxd4 11. Bxd4 b5 12. Qd2 Bb7 13. h5 b4 14. Nd5 Bxd5 15. Bxd5 e5 16. Be3 Nxd5 17. Qxd5 Qf6 18. O-O-O Rfd8 19. hxg6 hxg6 20. Kb1 Rab8 21. Rh3 Rb5 22. Qc6 d5 23. Qc7 Rbb8 24. exd5 Rbc8 25. Qa5 Qd6 26. Bg5 1-0

[Event "*** Titled Tuesday Blitz"]
[Site "Chess.com"]
[Date "2020.04.14"]
[Round "1"]
[White "jefferyx"]
[Black "FrogMist"]
[Result "1/2-1/2"]
[WhiteElo "2872"]
[BlackElo "2479"]
[TimeControl "180+1"]
[EndTime "10:06:35 PDT"]
[Termination "Game drawn by agreement"]

1. d4 Nf6 2. c4 g6 3. Nc3 d5 4.
Bg5 Bg7 5. Bxf6 Bxf6 6. cxd5 c6 7. e4 cxd5 8. Nxd5 Bg7 9. Bb5+ Nc6 10. Ne2 O-O 11. O-O Bg4 12. f3 Nxd4 13. Nxd4 e6 14.
Nxe6 Bxe6 15. Kh1 Bxd5 16. Qxd5 Bxb2 17. Rab1 Qxd5 18. exd5 Be5 19. Rfe1 Bd6 20. Ba4 Rab8 21. g3 Rfd8 22. Kg2 Kf8 23. f4 h5 24. Kf3 a6 25.
Rb6 Bc5 26. Rbb1 Rxd5 27. Rbd1 Rbd8 28. Rxd5 Rxd5 29. Rd1 Rxd1 30. Bxd1 Ke7 31. Bb3 Bd6 32. Bd5 b6 33. Bb7 a5 34. Bc6 Bc5 35. a4 1/2-1/2

[Event "*** Titled Tuesday Blitz"]
[Site "Chess.com"]
[Date "2020.04.14"]
[Round "1"]
[White "K_A_S_T_O_R"]
[Black "Philosopherrr"]
[Result "1-0"]
[WhiteElo "2833"]
[BlackElo "2441"]
[TimeControl "180+1"]
[EndTime "10:06:35 PDT"]
[Termination "K_A_S_T_O_R won by resignation"]

1. e4 e5 2. Nf3 Nc6 3. Bb5 a6 4. Ba4 Nf6 5. O-O Be7 6. Re1 b5 7. Bb3 d6 8. c3 O-O 9. h3 Bb7 10. d4 Re8 11. Nbd2 exd4 12. cxd4 Nd7 13. Nf1 Na5 14.
Bc2 Bf6 15. Rb1 c5 16. d5 Nc4 17. b3 Nce5 18. N3h2 Ng6 19. Ng3 Bc3 20. Bd2 Qf6 21.
Nh5 Qd4 22. Nf3 Qb4 23. a3 Qa5 24. b4 cxb4 25. axb4 Qc7 26. Bxc3 Qxc3 27. Re3 Qc7 28. Bb3 Rac8 29. Nd4 Nde5 30. Nf5 Nc4 31. Qd4 f6 32. Bxc4 Qxc4 33. Qxc4 Rxc4 34. Nxd6 Re7 35. Nxc4 bxc4 36. Rc1 Ne5 37. f4 Nd3 38. Rxc4 Bxd5 39. Rd4 Bf7 40. Rd8+ Re8 41. Rexd3 Bxh5 42. R3d6 1-0

[Event "*** Titled Tuesday Blitz"]
[Site "Chess.com"]
[Date "2020.04.14"]
[Round "1"]
[White "JonahWillow"]
[Black "rynos0411"]
[Result "1/2-1/2"]
[WhiteElo "2770"]
[BlackElo "2414"]
[TimeControl "180+1"]
[EndTime "10:06:35 PDT"]
[Termination "Game drawn by agreement"]

1. e4 e5 2. Nf3 Nc6 3. Nc3 Nf6 4. Bb5 Bc5 5. O-O d6 6. d4 exd4 7. Nxd4 Bd7 8. Nxc6 Bxc6 9. Bxc6+ bxc6 10. Bg5 O-O 11. Qf3 Rb8 12. Rab1 Bd4 13. Rfe1 Re8 14. Qd3 Bxf2+ 15. Kxf2 Ng4+ 16. Kg1 Qxg5 17. Qd4 Ne5 18.
Qf2 Re6 19. Kh1 Rh6 20. h3 c5 21. Nd5 c6 22. Ne3 Rf6 23. Qe2 g6 24. Rf1 Rxf1+ 25.
Nxf1 Qf4 26. Nd2 Re8 27. Rf1 Qg5 28. Nf3 Nxf3 29. Qxf3 Re7 30. Qd3 Qe5 31. c3 d5 32.
exd5 cxd5 33. Rd1 Rd7 34. Qb5 Qc7 35. a4 d4 36. Qc4 dxc3 37. Rxd7 Qxd7 38. bxc3 Qd1+ 39.
Kh2 Qd6+ 40. Kh1 Kg7 41. h4 h5 42. a5 Qe5 43. a6 f6 44. Kg1 g5 45. hxg5 fxg5 46.
Qb5 Qe3+ 47. Kh1 Qe1+ 48. Kh2 Qh4+ 49. Kg1 Qe1+ 1/2-1/2

[Event "*** Titled Tuesday Blitz"]
[Site "Chess.com"]
[Date "2020.04.14"]
[Round "1"]
[White "GMMarcinDziuba"]
[Black "BojanR1"]
[Result "1-0"]
[WhiteElo "2675"]
[BlackElo "2331"]
[TimeControl "180+1"]
[EndTime "10:06:35 PDT"]
[Termination "GMMarcinDziuba won by resignation"]

1. Nf3 c5 2. g3 Nc6 3. Bg2 d5 4. d4 cxd4 5. Nxd4 e5 6. Nxc6 bxc6 7. c4 Be6 8. O-O Nf6 9. Bg5 Be7 10. Qa4 Qd7 11.
Bxf6 Bxf6 12. Nc3 e4 13. Rfd1 Bxc3 14. bxc3 f5 15. Rab1 O-O 16. cxd5 cxd5 17. Qxd7 Bxd7 18. Rxd5 Be6 19. Ra5 Rab8 20. Rb4 Rbc8 21. Rxa7 Rxc3 22. Rbb7 Bf7 23. Bh3 g6 24. a4 e3 25. fxe3 Rxe3 26. Kf2 Re5 27. a5 Kg7 28. Bg2 Kf6 29. a6 Bc4 30.
Rb6+ Kg5 31. Bf3 Rf6 32. h4+ Kh6 33. Rxf6 1-0

[Event "*** Titled Tuesday Blitz"]
[Site "Chess.com"]
[Date "2020.04.14"]
[Round "1"]
[White "regular_legs"]
[Black "Qingdom"]
[Result "1-0"]
[WhiteElo "2539"]
[BlackElo "2103"]
[TimeControl "180+1"]
[EndTime "10:06:35 PDT"]
[Termination "regular_legs won by resignation"]

1. d4 Nf6 2. c4 c5 3. Nf3 e6 4.
Nc3 cxd4 5. Nxd4 Nc6 6. g3 Qb6 7. Ndb5 d5 8. cxd5 exd5 9. Bf4 Bc5 10. Nc7+ Kf8 11. Nxa8 Bxf2+ 12. Kd2 Qxb2+ 13. Qc2 Qxa1 14. Bg2 Bg1 15. Bd6+ Kg8 16. Ba3 Nd4 17. Qb2 Qxb2+ 18. Bxb2 Bf2 19. Rf1 Ng4 20. Nxd5 Be6 21. Nac7 Nf5 22.
h3 Nge3 23. Rxf2 Bxd5 24. Nxd5 Nxd5 25. Bxd5 g6 26. Bxh8 Kxh8 27. Rxf5 gxf5 28. Bxb7 1-0

[Event "*** Titled Tuesday Blitz"]
[Site "Chess.com"]
[Date "2020.04.14"]
[Round "1"]
[White "joppie2"]
[Black "manitodeplomo"]
[Result "1-0"]
[WhiteElo "2938"]
[BlackElo "2492"]
[TimeControl "180+1"]
[EndTime "10:06:36 PDT"]
[Termination "joppie2 won on time"]

1. e4 c5 2. Nf3 e6 3. c3 d5 4. exd5 Qxd5 5. d4 Nf6 6. Na3 a6 7. Nc4 Nbd7 8. Be2 b5 9. Na5 Qd6 10. a4 Qc7 11. Nb3 c4 12. Nbd2 Bb7 13. O-O Bd6 14.
axb5 axb5 15. Rxa8+ Bxa8 16. b3 Bd5 17. bxc4 bxc4 18.
Qa4 O-O 19. Nxc4 Ra8 20. Qb5 Rb8 21. Qa6 Bf8 22. Qa5 Qb7 23. Ne3 Nb6 24. c4 Bc6 25. Ne5 Be4 26. f3 Bg6 27. Nxg6 hxg6 28. Bd2 Qd7 29.
Bc3 Na4 30. Ba1 Bb4 31. Qe5 Bd6 32. Qg5 Bb4 33. d5 Bc5 34. Kh1 exd5 35. Nxd5 Nxd5 36. Qe5 1-0

[Event "*** Titled Tuesday Blitz"]
[Site "Chess.com"]
[Date "2020.04.14"]
[Round "1"]
[White "Schandenfreude"]
[Black "GHANDEEVAM2003"]
[Result "1/2-1/2"]
[WhiteElo "2497"]
[BlackElo "2919"]
[TimeControl "180+1"]
[EndTime "10:06:36 PDT"]
[Termination "Game drawn - insufficient material"]

1. Nf3 d5 2. b3 Bg4 3. Bb2 Nd7 4. e3 Ngf6 5. Be2 c6 6. O-O e6 7. c4 Bd6 8. cxd5 exd5 9. d3 O-O 10.
Nbd2 Re8 11. a3 a5 12. Qc2 Qe7 13. Rfe1 h6 14. Bf1 Bf5 15. Qc3 Bh7 16. e4 dxe4 17.
Nxe4 Qf8 18. Nxd6 Qxd6 19. Rxe8+ Rxe8 20. Re1 Rxe1 21. Qxe1 Bf5 22. Qxa5 Be6 23. Qa8+ Qb8 24. Qxb8+ Nxb8 25. Bxf6 gxf6 26. b4 Kf8 27. Nd4 Ke7 28. f4 Kd6 29. Kf2 Nd7 30. Nxe6 fxe6 31. g3 Nb6 32. Bg2 Na4 33. Ke3 Nc3 34. g4 b6 35.
h4 c5 36. bxc5+ Kxc5 37. g5 fxg5 38. fxg5 hxg5 39. hxg5 Kd6 40. g6 Ke7 41. Be4 Kf6 42. Kd4 Nb5+ 43. Kc4 Nxa3+ 44. Kb4 Nb1 45. Kb5 Nc3+ 46. Kxb6 Nxe4 47. dxe4 Kxg6 48. Kc6 Kg5 49. Kd7 Kf4 50. Kxe6 Kxe4 1/2-1/2

[Event "*** Titled Tuesday Blitz"]
[Site "Chess.com"]
[Date "2020.04.14"]
[Round "1"]
[White "Colombiano07"]
[Black "Carnivoras"]
[Result "0-1"]
[WhiteElo "2302"]
[BlackElo "2650"]
[TimeControl "180+1"]
[EndTime "10:06:37 PDT"]
[Termination "Carnivoras won by resignation"]

1. c4 e6 2. Nc3 d5 3. e4 d4 4. Nce2 c5 5. d3 Nc6 6. g3 g6 7. h4 Nf6 8. Nf4 h6 9. Bh3 Bg7 10. Nf3 Qe7 11. Qa4 Bd7 12. Qb3 O-O-O 13. Bd2 Ne8 14. h5 g5 15. Ne2 f5 16. Bg2 fxe4 17. dxe4 Nd6 18. Qd3 Rhf8 19. O-O-O g4 20. Nh4 Rxf2 21.
Nf4 Ne5 22. Qa3 Kb8 23. Nhg6 Nxg6 24. Nxg6 Qf6 25. Qxc5 e5 26. Rhf1 Nxc4 27. Qb4 Rc8 28. Kb1 a5 0-1

[Event "*** Titled Tuesday Blitz"]
[Site "Chess.com"]
[Date "2020.04.14"]
[Round "1"]
[White "Saxar85"]
[Black "IlzeBerzina"]
[Result "1-0"]
[WhiteElo "2606"]
[BlackElo "2241"]
[TimeControl "180+1"]
[EndTime "10:06:38 PDT"]
[Termination "Saxar85 won by resignation"]

1. Nf3 d5 2. g3 Bg4 3. Bg2 c6 4. O-O Nd7 5. c4 e6 6. cxd5 exd5 7. d3 Ngf6 8. Nc3 Be7 9. h3 Bh5 10. e4 dxe4 11. dxe4 O-O 12. Qc2 Bxf3 13. Bxf3 Ne5 14. Bg2 Qd3 15. Qb3 Nf3+ 16. Kh1 Nd2 17. Bxd2 Qxd2 18. Rad1 Qh6 19. Qxb7 Bc5 20. Qxc6 Rac8 21. Qa6 Qh5 22. Qe2 Qh6 23. e5 Ne8 24. Ne4 Bb6 25. f4 Nc7 26. Nd6 Rcd8 27. f5 Qg5 28.
Qg4 Qe3 29. f6 g6 30. Rde1 Qd2 31. Nc4 Qc2 32. Qe4 Qxe4 33. Bxe4 Ne6 34. Rd1 Rc8 35.
b3 Bd4 36. Kg2 Rb8 37. Bd5 Bc3 38. Bxe6 fxe6 39. Rd7 Rf7 40. Rfd1 Rbf8 41. g4 g5 42. Kf3 h6 43. Ke4 Bb4 44. Rxf7 Rxf7 45. Rd8+ Kh7 46.
Re8 Kg6 47. Rxe6 h5 48. Re8 hxg4 49. hxg4 Rd7 50. Rg8+ 1-0

[Event "*** Titled Tuesday Blitz"]
[Site "Chess.com"]
[Date "2020.04.14"]
[Round "1"]
[White "BocharovD"]
[Black "Muguet7"]
[Result "1-0"]
[WhiteElo "2884"]
[BlackElo "2472"]
[TimeControl "180+1"]
[EndTime "10:06:39 PDT"]
[Termination "BocharovD won by resignation"]

1. c4 e5 2. g3 Nf6 3. Bg2 Nc6 4. Nc3 Bb4 5. Nd5 Bc5 6. e3 d6 7. Ne2 O-O 8. O-O a5 9. d4 Ba7 10. h3 Re8 11. b3 Bf5 12. dxe5 dxe5 13. Bb2 Nxd5 14. cxd5 Nb4 15. e4 Bd7 16. Qd2 Bb5 17.
a3 Nd3 18. Bc3 Qf6 19. Nc1 Nc5 20. Re1 Qg6 21. Kh2 a4 22. b4 Nd7 23. Nd3 h5 24. f4 exf4 25. gxf4 h4 26. Kh1 Qg3 27. Rad1 Nb6 28. Re3 Qg6 29. Ne5 Qh6 30. Rf3 f6 31.
Ng4 Qg6 32. f5 Qf7 33. e5 Nc4 34. e6 Qh5 35. Qc1 Rad8 36. Bf1 Ne5 37. Bxe5 Bxf1 38. Rdxf1 fxe5 39. f6 Rf8 40. Rf5 Qg6 41. Qg5 Qxg5 42. Rxg5 Rxd5 43. Rxg7+ Kh8 44. e7 Ra8 45. Rg5 Rd7 46. Rh5+ Kg8 47. f7+ 1-0

[Event "*** Titled Tuesday Blitz"]
[Site "Chess.com"]
[Date "2020.04.14"]
[Round "1"]
[White "Mimsychess"]
[Black "Orange_Ghost"]
[Result "0-1"]
[WhiteElo "2383"]
[BlackElo "2736"]
[TimeControl "180+1"]
[EndTime "10:06:39 PDT"]
[Termination "Orange_Ghost won by resignation"]

1. e4 e6 2. d3 d5 3. Nd2 c5 4.
Ngf3 Nc6 5. g3 Bd6 6. Bg2 Nge7 7. O-O O-O 8. Re1 f6 9. c3 d4 10. cxd4 cxd4 11. Nc4 e5 12. Bd2 Be6 13. Rc1 Rc8 14.
a3 b5 15. Nxd6 Qxd6 16. b4 a5 17. Rc5 axb4 18. axb4 Nxb4 19. Bxb4 Rxc5 20. Qb1 Nc6 21. Bxc5 Qxc5 22. Rc1 Qb6 23. Nd2 Rc8 24. Nc4 Qb8 25.
Nd2 g6 26. Rc5 b4 27. Nc4 Kg7 28. f4 Bxc4 29. Rxc4 exf4 30. e5 Nxe5 31. Rxb4 Qd6 32. Rb7+ Rc7 33. gxf4 Ng4 34. Rb5 Qxf4 0-1

[Event "*** Titled Tuesday Blitz"]
[Site "Chess.com"]
[Date "2020.04.14"]
[Round "1"]
[White "wannabe2700"]
[Black "Casablanca"]
[Result "1-0"]
[WhiteElo "2672"]
[BlackElo "2326"]
[TimeControl "180+1"]
[EndTime "10:06:39 PDT"]
[Termination "wannabe2700 won by resignation"]

1. d3 e5 2. e4 Nc6 3. Nc3 Nge7 4. f4 d6 5. Nf3 exf4 6. Bxf4 Ng6 7. Bg3 Be7 8. Qd2 Nge5 9. O-O-O Nxf3 10. gxf3 Be6 11. f4 Bg4 12. Be2 Bxe2 13. Qxe2 Qd7 14. Nd5 O-O-O 15. h4 Rhe8 16. f5 Bf8 17. Qf2 Ne5 18. Qxa7 Qb5 19. a3 Nc6 20. Qf2 Qc5 21. Qxc5 dxc5 22.
Nxc7 Rd7 23. Nd5 Kd8 24. Nb6 Rde7 25. Bd6 Rd7 26. Bxf8 Rxf8 27. Nxd7 Kxd7 28. Rhg1 g6 29. Rdf1 Ke7 30. h5 Ne5 31. fxg6 hxg6 32. hxg6 Nxg6 33.
Rxg6 fxg6 34. Rxf8 Kxf8 35. Kd2 b5 36. b3 Ke7 37. a4 bxa4 38. bxa4 Kd6 39. a5 Kc6 40. e5 Kc7 41. a6 g5 42. e6 Kc8 43.
a7 Kb7 44. e7 Kxa7 45. e8=Q Kb6 46. Qg6+ Kb5 47. Qxg5 Kb4 1-0

[Event "*** Titled Tuesday Blitz"]
[Site "Chess.com"]
[Date "2020.04.14"]
[Round "1"]
[White "JoachimMouhamad"]
[Black "RiskyDecision"]
[Result "0-1"]
[WhiteElo "2247"]
[BlackElo "2607"]
[TimeControl "180+1"]
[EndTime "10:06:39 PDT"]
[Termination "RiskyDecision won by resignation"]

1. e4 e6 2. d4 d5 3. Nc3 Nf6 4. e5 Nfd7 5. f4 c5 6. Nf3 Be7 7. Be3 b6 8. Qd2 Nc6 9. O-O-O c4 10. f5 b5 11. Nxb5 Rb8 12. Nd6+ Bxd6 13. exd6 Nf6 14.
c3 Ne4 15. Qc2 exf5 16. Ne5 Qxd6 17. Bf4 Rb6 18. Qa4 O-O 19. g3 Nxe5 20. Bxe5 Qe6 21.
Re1 Bd7 22. Qc2 Ra6 23. a3 Ba4 24. Bg2 Bxc2 25. Kxc2 Rb6 0-1

[Event "*** Titled Tuesday Blitz"]
[Site "Chess.com"]
[Date "2020.04.14"]
[Round "1"]
[White "atbenina64"]
[Black "cukin84"]
[Result "1/2-1/2"]
[WhiteElo "2529"]
[BlackElo "2107"]
[TimeControl "180+1"]
[EndTime "10:06:39 PDT"]
[Termination "Game drawn by agreement"]

1. d4 f5 2. Nc3 Nf6 3. Bg5 g6 4. Nf3 Bg7 5. Bxf6 Bxf6 6. e4 fxe4 7. Nxe4 Bg7 8. Bd3 O-O 9. c3 d5 10. Neg5 Nc6 11. Qe2 e5 12. dxe5 Nxe5 13. Nxe5 Bxe5 14. Nf3 Bg4 15. O-O-O Bxf3 16. gxf3 Bf4+ 17. Kb1 c6 18. h4 Qe8 19. Qf1 Qf7 20. h5 g5 21. h6 Rae8 22. Qh3 b5 23. Rhe1 a5 24. Rxe8 Rxe8 25. Qf1 b4 26. Re1 bxc3 27. Rxe8+ Qxe8 28. bxc3 c5 29. Bb5 Qe5 30. c4 Qc3 31. cxd5 Be5 32. Qe2 Qa1+ 33. Kc2 Qxa2+ 34. Kd3 Qb3+ 35. Ke4 Bf6 36.
d6 Qe6+ 37. Kd3 Qxe2+ 38. Kxe2 Bd8 39. Bc4+ Kf8 40. Bd3 Ke8 41. Bxh7 Kd7 42. Kd3 Kxd6 43. Kc4 Bf6 44. Be4 Bh8 1/2-1/2

[Event "*** Titled Tuesday Blitz"]
[Site "Chess.com"]
[Date "2020.04.14"]
[Round "1"]
[White "lestri"]
[Black "Gandrade2"]
[Result "1-0"]
[WhiteElo "2524"]
[BlackElo "2002"]
[TimeControl "180+1"]
[EndTime "10:06:39 PDT"]
[Termination "lestri won on time"]

1. c4 e6 2. Nf3 d5 3. e3 Nf6 4. b3 Be7 5. Bb2 O-O 6. Nc3 c5 7. cxd5 exd5 8. d4 Nc6 9. Be2 Re8 10.
O-O a6 11. Rc1 Be6 12. dxc5 Bxc5 13. Na4 Ba7 14. Nc5 Bc8 15. Bxf6 Qxf6 16. Qxd5 Rb8 17. a3 Ne5 18. b4 Bg4 19. Ne4 Qf5 20. Nd6 Nxf3+ 21.
Bxf3 Qxd5 22. Bxd5 Re7 23. h3 Bh5 24. Rc8+ Rxc8 25. Nxc8 Rd7 26. Bb3 Bb8 27. Rc1 h6 28.
Nb6 Rd6 29. Nd5 Bg6 30. Rc8+ 1-0

[Event "*** Titled Tuesday Blitz"]
[Site "Chess.com"]
[Date "2020.04.14"]
[Round "1"]
[White "mrsavic77"]
[Black "jonaszmb"]
[Result "1/2-1/2"]
[WhiteElo "2764"]
[BlackElo "2409"]
[TimeControl "180+1"]
[EndTime "10:06:40 PDT"]
[Termination "Game drawn by agreement"]

1. e4 c5 2. c3 Nf6 3. e5 Nd5 4. Nf3 e6 5. d4 cxd4 6. cxd4 d6 7. a3 Bd7 8. Nbd2 Bc6 9. Nc4 dxe5 10. Nfxe5 Be7 11.
Bd3 O-O 12. O-O Nf6 13. Be3 Qd5 14. Nf3 Nbd7 15. Rc1 Rac8 16. Qe2 Qh5 17. Nfe5 Qxe2 18.
Bxe2 Bd5 19. Nxd7 Nxd7 20. Ne5 Nb6 21. Bf4 f6 22. Nd3 Bc4 23. Rfe1 Rfd8 24. Be3 Nd5 25. Bd2 Ba6 26. b4 b6 27. Kf1 Rxc1 28. Rxc1 Rc8 29.
Rxc8+ Bxc8 30. Ke1 Kf7 31. g3 Ba6 32. Kd1 Bxd3 33.
Bxd3 f5 34. Ke2 Bf6 35. Be3 Ke7 36. Bc4 Nxe3 37. fxe3 Kd6 38. Bd3 g6 39. Bc2 e5 40.
dxe5+ Bxe5 41. Kd3 Bb2 42. a4 h6 43. Bb3 a5 44. bxa5 bxa5 45. e4 fxe4+ 46. Kxe4 Ke7 47.
Bc2 Kf6 48. h4 g5 49. Kf3 gxh4 50. gxh4 Bc3 1/2-1/2

[Event "*** Titled Tuesday Blitz"]
[Site "Chess.com"]
[Date "2020.04.14"]
[Round "1"]
[White "Oligan22"]
[Black "platy3"]
[Result "0-1"]
[WhiteElo "2381"]
[BlackElo "2734"]
[TimeControl "180+1"]
[EndTime "10:06:40 PDT"]
[Termination "platy3 won by resignation"]

1. e4 e5 2. Nf3 Nc6 3. Bb5 a6 4. Ba4 Nf6 5. O-O b5 6. Bb3 Bb7 7. c3 Nxe4 8. d4 exd4 9. Re1 d5 10. Ng5 Be7 11. Nxf7 Kxf7 12. Rxe4 Na5 13. Qh5+ g6 14.
Qf3+ Bf6 15. Re1 Nxb3 16. axb3 Re8 17. Bd2 Rxe1+ 18. Bxe1 Qe7 19. Na3 Re8 20. Nc2 c5 21. g4 Qe2 22. Qxe2 Rxe2 23. Na3 dxc3 24. bxc3 b4 25.
Kf1 Rxe1+ 26. Rxe1 bxa3 27. Ra1 Bxc3 28. Rxa3 Bb4 29. Ra2 d4 30. Ke2 a5 31. Kd3 Bd5 32.
f4 Bxb3 33. Re2 a4 34. f5 gxf5 35. gxf5 a3 0-1

[Event "*** Titled Tuesday Blitz"]
[Site "Chess.com"]
[Date "2020.04.14"]
[Round "1"]
[White "Rsnr"]
[Black "Chigorinetz"]
[Result "1-0"]
[WhiteElo "2864"]
[BlackElo "2464"]
[TimeControl "180+1"]
[EndTime "10:06:42 PDT"]
[Termination "Rsnr won by checkmate"]

1. d4 d5 2. c4 Nc6 3. cxd5 Qxd5 4. e3 e5 5. Nc3 Bb4 6. a3 Bxc3+ 7. bxc3 Qd6 8. a4 Nge7 9. Nf3 O-O 10. Be2 Qg6 11. O-O Rd8 12. Ba3 Nd5 13. Rc1 Bh3 14.
Ne1 Nf6 15. f4 exd4 16. cxd4 Bf5 17. Nf3 Be4 18. Ng5 Bd5 19. Bd3 Ne4 20. Qc2 Re8 21. h4 Qf5 22. Qb1 Rab8 23. Rc5 h6 24. Nxe4 Rxe4 25. Rxd5 Qxd5 26. Bxe4 Qc4 27. Rc1 Qxa4 28.
Qb2 Nd8 29. Rxc7 b5 30. Bc2 Qa5 31. Qb4 Qb6 32. Qf8# 1-0

[Event "*** Titled Tuesday Blitz"]
[Site "Chess.com"]
[Date "2020.04.14"]
[Round "1"]
[White "grandcoach"]
[Black "hellokostya"]
[Result "0-1"]
[WhiteElo "1813"]
[BlackElo "2516"]
[TimeControl "180+1"]
[EndTime "10:06:43 PDT"]
[Termination "hellokostya won on time"]

1. e4 Nc6 2. d4 d6 3. Nc3 Nf6 4. Nf3 g6 5. Be2 Bg7 6. O-O O-O 7. h3 e5 8. Bg5 h6 9. Bh4 g5 10. Bg3 exd4 11. Nxd4 Nxe4 12. Nxe4 Nxd4 13. Bd3 Nf5 14. Qf3 Bd7 15. c3 b6 16. Bc2 d5 17. Nd2 Nxg3 18.
fxg3 Be6 19. Bf5 Qd7 20. Rae1 Rae8 21. Bd3 c5 22. Qh5 f5 23. Nf3 Bf7 0-1

[Event "*** Titled Tuesday Blitz"]
[Site "Chess.com"]
[Date "2020.04.14"]
[Round "1"]
[White "XDPS"]
[Black "benko_008"]
[Result "1-0"]
[WhiteElo "2741"]
[BlackElo "2381"]
[TimeControl "180+1"]
[EndTime "10:06:45 PDT"]
[Termination "XDPS won by resignation"]

1. d4 d5 2. Nf3 Nf6 3. Bf4 e6 4.
e3 Bd6 5. Nbd2 O-O 6. Bd3 c5 7. c3 b6 8. Bg3 Bb7 9. Ne5 Nc6 10. Qf3 Ne7 11. Bh4 Ng6 12. Nxg6 hxg6 13. O-O Be7 14.
Rfe1 Rc8 15. Rad1 Qc7 16. Bg3 Bd6 17. Bxd6 Qxd6 18. e4 dxe4 19. Nxe4 Bxe4 20. Bxe4 Rfd8 21. Bc2 Qc7 22. dxc5 Qxc5 23. Bb3 b5 24. g3 a5 25.
a3 b4 26. cxb4 axb4 27. a4 Rxd1 28. Rxd1 g5 29. Qd3 g6 30. Qd4 Qxd4 31. Rxd4 Rc1+ 32. Kg2 Rb1 33. Rxb4 Rxb2 34. a5 Nd5 35. Rb8+ Kg7 36.
a6 g4 37. Bxd5 Rxb8 38. a7 Rd8 39. a8=Q Rxd5 40. Qa1+ e5 41. Qc3 Rd4 42. Qe3 Kf6 43.
Qh6 Re4 44. Qh8+ Ke7 45. Qc8 Kf6 46. Qc6+ Kf5 47. Qc2 f6 48. f3 gxf3+ 49. Kxf3 1-0

[Event "*** Titled Tuesday Blitz"]
[Site "Chess.com"]
[Date "2020.04.14"]
[Round "1"]
[White "aa175"]
[Black "Alonmindlin"]
[Result "0-1"]
[WhiteElo "2361"]
[BlackElo "2710"]
[TimeControl "180+1"]
[EndTime "10:06:45 PDT"]
[Termination "Alonmindlin won on time"]

1. d4 Nf6 2. Bf4 d5 3. e3 c5 4. Nf3 Nc6 5. Nbd2 Bf5 6. c3 Qb6 7. Qb3 c4 8. Qxb6 axb6 9. a3 b5 10. Rc1 Nh5 11. Be5 Nf6 12. Be2 Nd7 13. Bd1 Ndxe5 14. Nxe5 Nxe5 15. dxe5 e6 16. Bc2 Bxc2 17. Rxc2 b4 18. cxb4 Bxb4 19. Ke2 Bxd2 20. Rxd2 b5 21. Rhd1 O-O 22. Rd4 Rfc8 23. e4 dxe4 24. Rxe4 c3 25.
bxc3 Rxc3 26. Rb4 Rc5 27. f4 g5 28. g3 Rxa3 29. Rd2 Kg7 30. Rdb2 Kg6 31. Rxb5 Rxb5 32. Rxb5 gxf4 33. gxf4 Ra2+ 34. Kf3 Rxh2 35. Rb8 Kg7 36. Kg4 h5+ 37. Kg5 h4 38. Rb3 h3 39.
Kh4 Rf2 40. Rg3+ Kf8 41. Kxh3 Rxf4 42. Re3 Kg7 43. Kg3 Rf5 44. Re4 Kg6 45. Kg4 Rf1 46. Re3 Ra1 47. Re2 Ra4+ 48. Kf3 Kf5 49. Kg3 Ra3+ 0-1

[Event "*** Titled Tuesday Blitz"]
[Site "Chess.com"]
[Date "2020.04.14"]
[Round "1"]
[White "GOGIEFF"]
[Black "Gerasimenyuk_Miha"]
[Result "1-0"]
[WhiteElo "2977"]
[BlackElo "2498"]
[TimeControl "180+1"]
[EndTime "10:06:46 PDT"]
[Termination "GOGIEFF won on time"]

1. d4 d5 2. c4 Nc6 3. Nc3 Nf6 4. cxd5 Nxd5 5. e4 Nxc3 6. bxc3 e5 7. d5 Ne7 8. Rb1 Ng6 9. Bb5+ Bd7 10. Bxd7+ Qxd7 11. Rxb7 Bc5 12. Nf3 O-O 13. O-O Bb6 14. Ba3 Rfe8 15. d6 Nf4 16. dxc7 Qg4 17. g3 Nh3+ 18. Kg2 Qxe4 19. Rb8 Bxc7 20. Rxe8+ Rxe8 21. Qd7 Qa8 22. Qxh3 e4 23. Ng5 h6 24. Nxf7 e3+ 25. f3 e2 26.
Re1 Kxf7 27. Qd7+ Kg8 28. Qxc7 Re3 29. Qf4 Qe8 30. Qc4+ Kh8 31. Bc5 1-0

[Event "*** Titled Tuesday Blitz"]
[Site "Chess.com"]
[Date "2020.04.14"]
[Round "1"]
[White "Eltarolo"]
[Black "theblitzchamp"]
[Result "0-1"]
[WhiteElo "2333"]
[BlackElo "2680"]
[TimeControl "180+1"]
[EndTime "10:06:46 PDT"]
[Termination "theblitzchamp won by resignation"]

1. e4 e5 2. Nf3 Nc6 3. Bb5 a6 4. Ba4 Nge7 5. O-O g6 6. c3 Bg7 7.
d4 exd4 8. cxd4 b5 9. Bb3 d6 10. h3 O-O 11. Nc3 Na5 12. Bc2 c5 13. Bg5 h6 14. Bh4 b4 15. Nd5 g5 16. Bg3 Nxd5 17. exd5 c4 18. Qd2 Rb8 19. Rac1 Re8 20. Bb1 b3 21. a3 Rb5 22. Rfe1 Rxd5 23. Rxe8+ Qxe8 24.
Re1 Qd8 25. Qe3 Bf5 26. Qe8+ Qxe8 27. Rxe8+ Kh7 28. Bxf5+ Rxf5 29. Bxd6 Rd5 30. Bb4 Nc6 31. Rc8 Nxd4 32. Rxc4 Nxf3+ 33. gxf3 Bxb2 34. Rc7 Kg6 35. Rc6+ f6 36. Rxa6 Rd1+ 37. Kg2 Bd4 38. Be7 b2 39. Bxf6 Bxf6 40. Rc6 b1=Q 0-1

[Event "*** Titled Tuesday Blitz"]
[Site "Chess.com"]
[Date "2020.04.14"]
[Round "1"]
[White "Benjoneliere44"]
[Black "dcann0n88"]
[Result "1-0"]
[WhiteElo "2650"]
[BlackElo "2303"]
[TimeControl "180+1"]
[EndTime "10:06:46 PDT"]
[Termination "Benjoneliere44 won by resignation"]

1. d4 Nf6 2. Bf4 g6 3. Nc3 d5 4.
Nf3 Bg7 5. Nb5 Na6 6. e3 O-O 7.
Be2 c6 8. Nc3 c5 9. O-O b6 10.
Ne5 Bb7 11. a4 Nd7 12. Nxd7 Qxd7 13. a5 e6 14. Bb5 Qe7 15. h3 Nc7 16. Be2 Rfc8 17.
Bf3 Bc6 18. Qd2 b5 19. Ne2 c4 20. Be5 Bxe5 21. dxe5 b4 22. Nd4 Nb5 23. c3 b3 24.
Nxb5 Bxb5 25. Qd4 Qc5 26. Rfd1 Qxd4 27. Rxd4 f5 28. exf6 Bc6 29. e4 e5 30. Rd2 dxe4 31.
Be2 Be8 32. Rd5 Kf7 33. Rxe5 Kxf6 34. Rxe4 Bf7 35. Re1 Rc5 36. Rf4+ Kg7 37. Bf3 Re8 38. Rxe8 Bxe8 39. Re4 Bf7 40. a6 Ra5 41. Re7 Kf6 42. Rxa7 Ra1+ 43. Kh2 Ra2 44. Kg3 Rxb2 45. Rxf7+ Kxf7 46. a7 Ra2 47. a8=Q Rxa8 48. Bxa8 b2 49. Be4 Ke6 50. Kf4 Kd6 51. Ke3 Ke5 52. f4+ 1-0

[Event "*** Titled Tuesday Blitz"]
[Site "Chess.com"]
[Date "2020.04.14"]
[Round "1"]
[White "bascheyaro"]
[Black "kleopl"]
[Result "1-0"]
[WhiteElo "2753"]
[BlackElo "2393"]
[TimeControl "180+1"]
[EndTime "10:06:47 PDT"]
[Termination "bascheyaro won by checkmate"]

1. d4 Nf6 2. Nf3 g6 3. c4 Bg7 4. Bf4 O-O 5. Nc3 d5 6. c5 c6 7.
e3 b5 8. cxb6 axb6 9. Be2 Ba6 10. O-O Bxe2 11. Qxe2 Nbd7 12. h3 Qc8 13. Rfc1 Qb7 14.
a3 c5 15. Be5 Nxe5 16. Nxe5 e6 17. Qb5 Ra5 18. Qd3 Rfa8 19. Rab1 c4 20. Qc2 b5 21. f4 b4 22. axb4 Qxb4 23. b3 cxb3 24. Rxb3 Qf8 25. Rcb1 Ra1 26. Rxa1 Rxa1+ 27. Kh2 Nh5 28.
Qb2 Ra8 29. Nf3 Nf6 30. Rb7 h5 31. Ne5 Qa3 32. Rb8+ Bf8 33. Qb7 Rxb8 34. Qxf7+ Kh8 35. Nxg6# 1-0

[Event "*** Titled Tuesday Blitz"]
[Site "Chess.com"]
[Date "2020.04.14"]
[Round "1"]
[White "Ginger_GM"]
[Black "artichaud"]
[Result "1-0"]
[WhiteElo "2594"]
[BlackElo "2218"]
[TimeControl "180+1"]
[EndTime "10:06:47 PDT"]
[Termination "Ginger_GM won by resignation"]

1. d4 f5 2. e4 fxe4 3. Nc3 Nf6 4. f3 e6 5. fxe4 Bb4 6. Bd3 Nxe4 7. Qh5+ g6 8. Qe5 Nf6 9. Bh6 Nc6 10. Qg5 Qe7 11. Nf3 d6 12. O-O Bxc3 13. bxc3 Bd7 14. Nh4 Nd5 15.
Qg3 O-O-O 16. c4 Ndb4 17. Bg5 Qg7 18. Bf6 Qg8 19. Rab1 Nxd3 20. cxd3 Rf8 21. Kh1 Rxf6 22. Rxf6 Nxd4 23. Rbf1 e5 24. R6f2 Qd8 25. h3 b6 26.
Kh2 Kb8 27. Nf3 Nxf3+ 28. Qxf3 Bc6 29. Qxc6 Qe8 30. Qxe8+ 1-0